 Dungeon Crawl Stone Soup version 0.29.1-13-g9f3cf754e1 (webtiles) character file.

Game seed: 4402625710527598296

38 raph the Stinger (level 3, 0/19 HPs)
             Began as a Deep Elf Venom Mage on Feb 9, 2023.
             Was an Initiate of Vehumet.
             Slain by a goblin
             ... wielding a +0 club
             ... led by Robin
              (2 damage)
             ... on level 2 of the Dungeon.
             The game lasted 00:02:38 (1937 turns).

raph the Stinger (Deep Elf Venom Mage)              Turns: 1937, Time: 00:02:39

Health: 0/19       AC:  2    Str:  5    XL:     3   Next: 25%
Magic:  5/9        EV: 12    Int: 21    God:    Vehumet [......]
Gold:   36         SH:  0    Dex: 15    Spells: 2/8 levels left

rFire   . . .      SeeInvis .   f - +0 short sword (vamp)
rCold   . . .      Faith    .   (no shield)
rNeg    . . .      Spirit   .   a - +0 robe
rPois   .          Reflect  .   (no helmet)
rElec   .          Harm     .   (no cloak)
rCorr   .          Rampage  .   (no gloves)
Will    +....                   (no boots)
Stlth   ++........              (no amulet)
HPRegen 0.06/turn               k - ring of willpower
MPRegen 0.11/turn               (no ring)

@: very slightly contaminated
A: no striking features
a: Renounce Religion


You were on level 2 of the Dungeon.
You worshipped Vehumet.
Vehumet was noncommittal.
You visited 1 branch of the dungeon, and saw 2 of its levels.

You collected 60 gold pieces.
You spent 24 gold pieces at shops.

Inventory:

Hand Weapons
 c - a +0 short sword
 f - a +0 vampiric short sword (weapon)
Armour
 a - a +0 robe (worn)
Jewellery
 k - a ring of willpower (left hand)
Scrolls
 d - a scroll of enchant weapon {unknown}
 e - a scroll of teleportation {unknown}
 g - a scroll of blinking {unknown}
 i - 3 scrolls of identify
Potions
 b - a potion of magic
 h - a potion of invisibility
 j - a potion of mutation


   Skills:
 - Level 2.4 Dodging
 - Level 2.4 Stealth
 + Level 3.1 Spellcasting
 - Level 1.1 Transmutations
 * Level 4.8 Poison Magic


You had 2 spell levels left.
You knew the following spells:

 Your Spells              Type           Power      Damage    Failure   Level
a - Sting                 Tmut/Pois      60%        1d6       4%          1
b - Poisonous Vapours     Pois/Air       26%        N/A       8%          2
c - Mephitic Cloud        Conj/Pois/Air  9%         N/A       21%         3

Your spell library contained the following spells:

 Spells                   Type           Power      Damage    Failure   Level
 Olgreb's Toxic Radiance  Pois           23%        N/A       19%         4


Dungeon Overview and Level Annotations

Branches:
Dungeon (2/15)

Altars:
Vehumet

Shops:
D:1 ?

Annotations:
D:2 Robin


Message History

A goblin comes into view. It is wielding a +0 dagger.
A goblin is nearby!
You close the door.
You start resting.
Magic restored.
You start resting.
HP restored.
A hobgoblin comes into view.
A goblin comes into view. It is wielding a +0 club.
A goblin comes into view. It is wielding a +0 club.
The goblin shouts! x2; Robin shouts!
Robin says, "Bow before me, strongest of all the hobgoblins!"
Robin roars a battlecry!
The goblins go into a battle-frenzy!
The hobgoblin shouts!
Casting: Sting (safe; 4% risk of failure)
Confirm with . or Enter, or press ? or * to list all spells.
Aiming: Poisonous Vapours (safe; 8% risk of failure)
Press: ? - help, Dir - move target, f - goblin
Aim: a goblin, wielding a +0 club (strong) Poisonous vapours surround the goblin!
The goblin is poisoned.
A goblin comes into view. It is wielding a +0 dagger.
Casting: Poisonous Vapours (safe; 8% risk of failure)
Confirm with . or Enter, or press ? or * to list all spells.
Aiming: Poisonous Vapours (safe; 8% risk of failure)
Press: ? - help, Dir - move target, f - Robin, p - goblin
Aim: Robin, wielding a +0 dagger of freezing, wearing a +2 animal skin and wearing a +0 helmet You miscast Poisonous Vapours.
You are very lightly contaminated with residual magic.
Nothing appears to happen.
The goblin shouts! x2
Robin throws the goblin at you!
A goblin comes into view. It is wielding a +0 dagger.
The goblin hits you with a +0 club.
You closely miss the goblin. The goblin hits you with a +0 club.
Robin throws the goblin at you! The goblin hits you with a +0 club.
* * * LOW HITPOINT WARNING * * *
You barely miss the goblin. The goblin misses you.
The goblin closely misses you. The goblin hits you with a +0 club.
You die...

#.. ..# ################# #.# #.#
#................ #.# #.#
#.############### ### #.###'##
#.##############. ..# ##'##...#
#..............#. ..#
###.......###.......######.#. ..#
#.........+.'...(......###.#.
..###.........###g.gg.......##.#.
...............g@ggg....)...'....
...........#+#########......#..#.
...........# #......#..#.
...........# #......#g.#.
........#### ########g.#.
......### #..#. ....#..# #..#.
....##.# #.†#. ....# #..##


You could see Robin, a hobgoblin (strong) and 5 goblins.

Vanquished Creatures
  A dart slug (D:1)
  2 ball pythons (D:1)
  2 endoplasms (D:1)
  4 goblins (D:2)
  6 hobgoblins
  4 kobolds
  2 quokkas (D:1)
  6 bats (D:1)
  2 frilled lizards (D:1)
  2 rats
31 creatures vanquished.

Notes
Turn   | Place    | Note
-------+----------+-------------------------------------------
     0 | D:1      | raph the Deep Elf Venom Mage began the quest for the Orb.
     0 | D:1      | Reached XP level 1. HP: 10/10 MP: 6/6
     2 | D:1      | Noticed an ogre
     2 | D:1      | Noticed a tengu
     4 | D:1      | Noticed a minotaur
     6 | D:1      | Noticed a troll
     6 | D:1      | Noticed a formicid
     8 | D:1      | Noticed a ghoul
     8 | D:1      | Noticed a draconian
    10 | D:1      | Noticed a merfolk
    12 | D:1      | Noticed a demonspawn
    12 | D:1      | Noticed an octopode
    14 | D:1      | Noticed a vampire
    14 | D:1      | Noticed an elf
    16 | D:1      | Noticed a meteoran
    16 | D:1      | Noticed a palentonga
    18 | D:1      | Noticed a human
    20 | D:1      | Noticed a naga
    20 | D:1      | Noticed a demigod
    22 | D:1      | Noticed a spriggan
    22 | D:1      | Noticed a felid
    24 | D:1      | Noticed a gargoyle
    24 | D:1      | Noticed a formicid
    26 | D:1      | Noticed a palentonga
    26 | D:1      | Noticed a naga
   368 | D:1      | Reached XP level 2. HP: 12/15 MP: 6/8
   371 | D:1      | Reached skill level 4 in Poison Magic
   450 | D:1      | Learned a level 2 spell: Poisonous Vapours
   934 | D:1      | Found a faded altar of an unknown god.
  1336 | D:1      | Found Juwujaskiust's Magic Scroll Shoppe.
  1354 | D:1      | Bought a scroll of identify for 24 gold pieces
  1466 | D:2      | Reached XP level 3. HP: 19/19 MP: 6/9
  1470 | D:2      | Learned a level 3 spell: Mephitic Cloud
  1538 | D:2      | Found a radiant altar of Vehumet.
  1560 | D:2      | Became a worshipper of Vehumet
  1808 | D:2      | Noticed Robin
  1937 | D:2      | Slain by a goblin

Illustrated notes

Levels and vault maps discovered:
D:1:      kb_arrival_jail, layout_basic, shapermc_ecumenical_altar_ellora,
          serial_shops, shop, kennysheep_nondescript
D:2:      layout_basic, basic_altar, uniq_robin

Skill      XL: |  1  2 |
---------------+-------+-----
Poison Magic   | 4 |  4.8
Dodging        | |  2.4
Stealth        | |  2.4
Spellcasting   | |  3.1
Transmutations | |  1.1

Action                   || total
-------------------------++-------
Melee: Short sword       ||    14
 Cast: Sting             ||    37
       Poisonous Vapours ||     6
  Use: Scroll            ||     2
Armor: Robe              ||     7
Dodge: Dodged            ||    25
